AoeStats
← Silvarop

Arena

508395902Analyzed
3v3 RM · 9d ago on Sep 22, 2026· 47m 3s· 6 players
Game mode
Random Map
Map size
Normal (6 player)
Population
200
Speed
Normal
Resources
Standard
Victory
Conquest
Starting age
Dark Age
Ending age
Imperial Age
RankedLock teamsTeams togetherTeam positionsShared explorationLock speedFull tech treeHidden civsTurbo modeCheats
Victory
Defeat
🇩🇪 Khmer · Germany
824
+11
🇳🇱 Burgundians · Netherlands
819
+11
🇦🇺 Japanese · Australia
774
+13
🇨🇳 Poles · China
841
-16
🇪🇸 Britons · Spain
650
-10
🇮🇪 Franks · Ireland
628
-9
The Ripster
6:13 Loom
9:41 Feudal Age
12:00 Double-Bit Axe
12:12 Gold Mining
17:02 Fletching
18:45 Padded Archer Armor
18:36 Horse Collar
24:01 Castle Age
23:16 Forging
23:11 Scale Mail Armor
24:27 Crossbowman
25:17 Squires
24:38 Pikeman
30:10 Wheelbarrow
30:12 Ballistics
36:04 Imperial Age
34:59 Masonry
35:22 Thumb Ring
37:16 Conscription
38:20 Hand Cart
37:51 Town Watch
40:10 Bodkin Arrow
40:27 Arbalester
42:56 Bracer
44:31 Elite Skirmisher
46:55 Elite Samurai
Örfdemadafaka
4:34 Loom
13:08 Feudal Age
16:34 Castle Age
14:18 Horse Collar
14:24 Double-Bit Axe
14:43 Gold Mining
14:43 Stone Mining
17:26 Wheelbarrow
17:29 Heavy Plow
17:43 Bow Saw
23:30 Town Watch
24:09 Hand Cart
26:02 Town Patrol
28:16 Gold Shaft Mining
31:17 Imperial Age
29:28 Caravan
31:24 Elite Ballista Elephant
32:25 Conscription
33:58 Double Crossbow
35:10 Crop Rotation
35:36 Forging
35:26 Scale Mail Armor
35:31 Scale Barding Armor
35:16 Fletching
35:26 Padded Archer Armor
36:55 Iron Casting
36:36 Chain Mail Armor
36:26 Scale Barding Armor
36:16 Bodkin Arrow
36:21 Padded Archer Armor
37:48 Capped Ram
37:49 Onager
37:50 Heavy Scorpion
39:30 Siege Ram
42:45 Blast Furnace
42:05 Chain Barding Armor
41:45 Bracer
41:45 Padded Archer Armor
47:08 Plate Barding Armor
46:49 Leather Archer Armor
bvh-*****
11:27 Feudal Age
15:09 Castle Age
13:24 Double-Bit Axe
25:22 Horse Collar
31:59 Imperial Age
29:41 Heavy Plow
30:45 Treadmill Crane
30:54 Town Watch
30:43 Pikeman
34:14 Fletching
34:35 Forging
34:25 Scale Mail Armor
34:31 Scale Barding Armor
34:27 Padded Archer Armor
34:16 Cavalier
35:54 Paladin
39:23 Chemistry
38:35 Masonry
42:15 Wheelbarrow
44:36 Iron Casting
44:17 Chain Mail Armor
44:22 Chain Barding Armor
43:58 Bodkin Arrow
Silvarop
0:27 Loom
11:21 Feudal Age
13:17 Wheelbarrow
12:31 Double-Bit Axe
13:59 Town Watch
20:33 Castle Age
20:56 Crossbowman
21:46 Fletching
23:39 Bodkin Arrow
27:21 Bow Saw
27:48 Horse Collar
29:13 Padded Archer Armor
30:12 Leather Archer Armor
32:12 Hand Cart
31:59 Town Patrol
36:29 Imperial Age
35:19 Heavy Plow
38:21 Ballistics
39:02 Chemistry
37:30 Arbalester
39:47 Bracer
42:13 Two-Man Saw
41:20 Gold Mining
44:02 Yeomen
43:51 Elite Longbowman
carts_dare_01
3:18 Loom
11:16 Feudal Age
12:50 Town Watch
14:27 Wheelbarrow
13:39 Town Watch
14:02 Double-Bit Axe
15:55 Man-at-Arms
25:45 Castle Age
26:49 Town Patrol
28:41 Bow Saw
29:38 Stone Mining
33:32 Hand Cart
33:54 Padded Archer Armor
33:44 Fletching
36:24 Bodkin Arrow
noob
3:21 Loom
10:16 Feudal Age
10:45 Double-Bit Axe
10:42 Horse Collar
18:09 Castle Age
17:09 Gold Mining
18:41 Scale Barding Armor
18:53 Forging
19:05 Heavy Plow
19:36 Bow Saw
21:47 Chain Barding Armor
23:08 Stone Mining
26:05 Iron Casting
27:05 Husbandry
27:35 Szlachta Privileges
27:52 Bloodlines
27:37 Fletching
27:48 Town Watch
36:07 Imperial Age
38:53 Blast Furnace
38:52 Wheelbarrow
38:18 Town Patrol
38:36 Masonry
38:11 Treadmill Crane
39:03 Crop Rotation
39:13 Stone Shaft Mining
38:39 Bodkin Arrow
38:53 Light Cavalry
39:24 Cavalier
40:59 Bracer
41:40 Hoardings
42:44 Winged Hussar
44:15 Padded Archer Armor
44:47 Hand Cart
Connection lost

Rejoining the realm…

Still unreachable

The connection could not be restored.

Session expired

The server has moved on; the page needs a fresh start.